 Dungeon Crawl Stone Soup version 0.26-a0-651-gb41185065b (webtiles) character file.

Game seed: 17223766853796590903

72 Lugonue the Stinger (level 4, -5/27 HPs)
             Began as an Octopode Venom Mage on Oct 29, 2020.
             Killed by divine providence
             ... invoked by an orc priest
              (15 damage)
             ... on level 2 of the Dungeon.
             The game lasted 00:01:33 (1799 turns).

Lugonue the Stinger (Octopode Venom Mage)           Turns: 1799, Time: 00:01:34

Health: -5/27      AC:  1    Str:  7    XL:     4   Next: 26%
Magic:  4/8        EV: 13    Int: 18    God:
Gold:   85         SH:  0    Dex: 12    Spells: 5/8 levels left

rFire    . . .     SeeInvis .     - Unarmed
rCold    . . .     Faith    .   (no shield)
rNeg     . . .     Spirit   .   (helmet restricted)
rPois    .         Reflect  .   (no amulet)
rElec    .         Harm     .   e - ring of wizardry
rCorr    .         Rampage  .   (no ring)
MR       .....                  (no ring)
Stlth    +++.......             (no ring)
HPRegen  0.09/turn              (no ring)
MPRegen  0.11/turn              (no ring)
                                (no ring)
                                (no ring)

@: no status effects
A: almost no armour, stealthy swim, amphibious, 8 rings, constrict 8, camouflage
1, gelatinous body 1
a: no special abilities


You were on level 2 of the Dungeon.
You visited 1 branch of the dungeon, and saw 2 of its levels.

You collected 85 gold pieces.

Inventory:

Jewellery
 e - a ring of wizardry (left tentacle)
 i - a +6 ring of dexterity
Scrolls
 a - 2 scrolls of remove curse {unknown}
 b - 2 scrolls of identify {unknown}
 d - a scroll of teleportation {unknown}
 h - a scroll of enchant armour {unknown}
Potions
 c - a potion of invisibility {unknown}
 f - a potion of heal wounds {unknown}
 g - 2 potions of curing {unknown}


   Skills:
 + Level 2.1 Dodging
 + Level 3.4 Stealth
 + Level 1.0 Unarmed Combat
 + Level 2.7 Spellcasting
 + Level 1.1 Transmutations
 + Level 0.3 Air Magic
 + Level 4.5 Poison Magic


You had 5 spell levels left.
You knew the following spells:

 Your Spells              Type           Power        Failure   Level
a - Sting                 Tmut/Pois      ##..         2%          1
b - Poisonous Vapours     Pois/Air       ##....       4%          2

Your spell library contained the following spells:

 Spells                   Type           Power        Failure   Level
 Ignite Poison            Fire/Tmut/Pois #.......     10%         3
 Mephitic Cloud           Conj/Pois/Air  #.......     11%         3
 Olgreb's Toxic Radiance  Pois           ###.....     11%         4


Dungeon Overview and Level Annotations

Branches:
Dungeon (2/15)

Altars:


Innate Abilities, Weirdness & Mutations

You cannot wear most types of armour.
You are very stealthy in the water. (Stealth+)
You are amphibious.
You can wear up to eight rings at the same time.
You can use your tentacles to constrict eight enemies at once.
Your skin changes colour to match your surroundings (Stealth+).
Your rubbery body absorbs attacks. (AC +1, EV +1)


Message History

The orc wizard is moderately wounded.
The orc wizard closely misses you.
Casting: Sting (safe; 2% risk of failure)
Confirm with . or Enter, or press ? or * to list all spells.
Press: ? - help, Dir - move target cursor, f - orc priest, p - orc wizard
Aim: an orc priest, wielding a +0 club and wearing a +0 leather armour Poisonous vapours surround the orc priest!
The orc wizard closely misses you.
The orc priest is engulfed in poison gas.
The orc priest is poisoned.
Unknown command.
You tentacle-slap the orc wizard but do no damage.
Your grab misses the orc wizard.
The orc wizard is heavily wounded.
The orc wizard casts a spell at you. The magic dart hits you!
The orc priest invokes the aid of Beogh against you.
Beogh smites you!
Ouch! That really hurt!
You die...

... .#########...# #####
#.##.##.....##...###....
####o.#.##.##.###..........
o....o......))............
#<##..###....#.#..........
#.###.###....#.#......####
#............#.########
####..###....#.#
#(.†##@...#.# #..ooo#####.#
#.#...# #.# ......^# ..#
#.......## #........
#......#.# #......#.#
########..


You could see an orc priest (poisoned) and 2 orc wizards.

Vanquished Creatures
  4 gnolls (D:2)
  An adder (D:2)
  A leopard gecko (D:1)
  A goblin (D:1)
  7 hobgoblins
  3 jackals (D:1)
  A ball python (D:1)
  2 bats (D:1)
  2 frilled lizards
  2 kobolds
  2 rats (D:1)
26 creatures vanquished.

Notes
Turn   | Place    | Note
-------+----------+-------------------------------------------
     0 | D:1      | Lugonue the Octopode Venom Mage began the quest for the
                  | Orb.
     0 | D:1      | Reached XP level 1. HP: 11/11 MP: 3/3
   526 | D:1      | Reached skill level 4 in Poison Magic
   711 | D:1      | Reached XP level 2. HP: 17/17 MP: 1/5
   715 | D:1      | Learned a level 2 spell: Poisonous Vapours
  1413 | D:2      | Reached XP level 3. HP: 21/21 MP: 1/6
  1697 | D:2      | Reached XP level 4. HP: 27/27 MP: 3/7
  1708 | D:2      | Reached skill level 1 in Unarmed Combat
  1799 | D:2      | Killed from afar by an orc priest

Illustrated notes

Levels and vault maps discovered:
D:1:      dpeg_arrival_tiny_a, layout_loops_corners
D:2:      layout_basic

Skill      XL: |  1  2  3  4 |
---------------+-------------+-----
Poison Magic   | 4 |  4.5
Stealth        | 3 |  3.4
Unarmed Combat | 1 |  1.0
Dodging        | |  2.1
Spellcasting   | |  2.7
Transmutations | |  1.1
Air Magic      | |  0.3

Action                   |  1- 3 |  4- 6 || total
-------------------------+-------+-------++-------
Melee: Unarmed           |    35 |    10 ||    45
       Tentacles         |     9 |     3 ||    12
       Constrict         |     9 |     3 ||    12
 Cast: Sting             |    10 |     3 ||    13
       Poisonous Vapours |     9 |     2 ||    11
 Stab: Sleeping          |     5 |       ||     5
Armor: Skin              |     4 |       ||     4
Dodge: Dodged            |    26 |    12 ||    38

Table legend: (Time is in decaauts)
 A = Elapsed time spent in this place.
 B = Non-inter-level travel time spent in this place.
 C = Inter-level travel time spent in this place.
 D = Time resting spent in this place.
 E = Time spent auto-exploring this place.
 F = Levels seen in this place.
 G = Mean time per level.
                   A        B        C        D        E       F      G
               +--------+--------+--------+--------+--------+-----+--------+
         Total |   1797 |   1779 |     18 |    198 |   1375 |   2 |  898.5 |
       Dungeon |   1797 |   1779 |     18 |    198 |   1375 |   2 |  898.5 |
               +--------+--------+--------+--------+--------+-----+--------+

Top non-repeatable levels by time:
     D:1: 1362 daAuts
     D:2: 435 daAuts
